 Dungeon Crawl Stone Soup version 0.21-a0-201-g8501b10 (webtiles) character file.

198 pkoi the Slasher (level 5, -2/44 HPs)
             Began as a Minotaur Gladiator on Aug 18, 2017.
             Was an Initiate of Okawaru.
             Killed by nerve-wracking pain
             ... invoked by Grinder
              (4 damage)
             ... on level 3 of the Dungeon.
             The game lasted 00:03:22 (2072 turns).

pkoi the Slasher (Minotaur Gladiator)               Turns: 2072, Time: 00:03:22

Health: -2/44      AC:  3    Str: 20    XL:     5   Next: 47%
Magic:  4/4        EV: 13    Int:  5    God:    Okawaru [......]
Gold:   130        SH:  0    Dex: 14    Spells: 4/4 levels left

rFire    . . .     SeeInvis .   a - +0 long sword
rCold    . . .     Gourm    .   (no shield)
rNeg     . . .     Faith    .   b - +0 leather armour
rPois    .         Spirit   .   c - +0 hat
rElec    .         Reflect  .   (no cloak)
rCorr    .         Harm     .   (no gloves)
MR       .....                  (no boots)
Stlth    +.........             t - amulet of rage
HPRegen  0.14/turn              i - +3 ring of dexterity
MPRegen  0.09/turn              (no ring)

@: no status effects
A: retaliatory headbutt, horns 2
a: Renounce Religion, Evoke Berserk Rage


You were on level 3 of the Dungeon.
You worshipped Okawaru.
Okawaru was noncommittal.
You were not hungry.

You visited 1 branch of the dungeon, and saw 3 of its levels.

You collected 130 gold pieces.

Inventory:

Hand Weapons
 a - a +0 long sword (weapon)
Missiles
 d - 3 throwing nets (quivered)
Armour
 b - a +0 leather armour (worn)
 c - a +0 hat (worn)
Jewellery
 i - a +3 ring of dexterity (left hand)
 t - an amulet of rage (around neck)
Scrolls
 e - 2 scrolls of amnesia {unknown}
 h - a scroll of teleportation {unknown}
 k - a scroll of magic mapping {unknown}
 m - 3 scrolls of remove curse {unknown}
 n - 2 scrolls of random uselessness {unknown}
 o - a scroll of immolation {unknown}
 p - 2 scrolls of identify {unknown}
 q - a scroll of fear {unknown}
Potions
 j - a potion of magic {unknown}
 l - a potion of mutation {unknown}
 s - a potion of might {unknown}
 v - a potion of agility {unknown}
Comestibles
 f - a bread ration
 g - 7 chunks of flesh
 r - a royal jelly
 u - 5 fruits


   Skills:
 + Level 2.8 Fighting
 + Level 5.3 Long Blades
 - Level 4.0 Throwing
 + Level 1.3 Armour
 + Level 3.7 Dodging


You had 4 spell levels left.
You didn't know any spells.

Dungeon Overview and Level Annotations

Branches:
Dungeon (3/15)

Altars:
Ashenzari
Fedhas
Kikubaaqudgha
Nemelex Xobeh
Okawaru
Sif Muna

Annotations:
D:3 Grinder


Innate Abilities, Weirdness & Mutations

You reflexively headbutt those who attack you in melee.
You have a pair of horns on your head.


Message History

You barely miss Grinder. Your headbutt misses Grinder.
Grinder is severely wounded.
Grinder gestures at you. Pain shoots through your body!
* * * LOW HITPOINT WARNING * * *
You hit Grinder.
Grinder is severely wounded.
Grinder hits you.
* * * LOW HITPOINT WARNING * * *
Grinder barely misses you.
You hit Grinder. You headbutt Grinder.
Grinder is severely wounded.
Grinder barely misses you.
You riposte.
You closely miss Grinder.
Grinder is severely wounded.
Unknown command.
You hit Grinder. Your headbutt misses Grinder.
Grinder is almost dead.
Grinder gestures at you. Pain shoots through your body!
You die...

+###.... .# #... ## .#
#... #####.# .# #..
.....# .# #.. #....# .#
#.#+# #....# .# #.#.#
#....# .###.#.# #.5..#
.......# #..@.#
.###.############.######
...#...................#
.#.##############.####.#
>.........# #.#
.#......_.. #.#
........... #.#
........... ..#
........... ###


You could see Grinder.

Vanquished Creatures
  An orc priest (D:3)
  An orc wizard (D:3)
  Robin (D:3)
  3 adders (D:2)
  An ooze (D:2)
  A worm (D:2)
  5 dart slugs
  2 leopard geckos (D:3)
  6 orcs
  5 giant cockroaches
  7 hobgoblins
  2 jackals (D:1)
  A ball python (D:2)
  10 bats
  4 frilled lizards
  16 goblins
  5 kobolds
  7 rats
78 creatures vanquished.

Notes
Turn   | Place    | Note
-------+----------+-------------------------------------------
     0 | D:1      | pkoi the Minotaur Gladiator began the quest for the Orb.
     0 | D:1      | Reached XP level 1. HP: 18/18 MP: 0/0
   236 | D:1      | Reached XP level 2. HP: 22/25 MP: 1/1
   237 | D:1      | Reached skill level 4 in Long Blades
   602 | D:1      | Reached XP level 3. HP: 24/30 MP: 2/2
  1046 | D:2      | Reached XP level 4. HP: 33/37 MP: 3/3
  1076 | D:2      | Found an ancient bone altar of Kikubaaqudgha.
  1186 | D:2      | Found an iron altar of Okawaru.
  1198 | D:2      | Found a deep blue altar of Sif Muna.
  1286 | D:2      | Became a worshipper of Warmaster Okawaru
  1320 | D:3      | Reached skill level 5 in Long Blades
  1328 | D:3      | Noticed Robin
  1365 | D:3      | Killed Robin
  1365 | D:3      | Reached XP level 5. HP: 37/42 MP: 4/4
  1678 | D:3      | Found a shattered altar of Ashenzari.
  1714 | D:3      | Found a blossoming altar of Fedhas.
  1720 | D:3      | Found a sparkling altar of Nemelex Xobeh.
  1744 | D:3      | Reached skill level 1 in Armour
  2052 | D:3      | Noticed Grinder
  2052 | D:3      | Paralysed by Grinder for 2 turns
  2062 | D:3      | Paralysed by Grinder for 6 turns
  2070 | D:3      | HP: 2/44 [Grinder (2)]
  2072 | D:3      | Killed from afar by Grinder

Vault maps used:
D:1:      minmay_arrival_split_and_join, hex_tiny
D:2:      kiku_gazebo_garden_becter, led_sif_pool, overflow_temple_1_default,
          minmay_pentomino_o2
D:3:      overflow_temple_1_default, cheibriados_altar_1,
          overflow_temple_1_default, marbit_many_paths, corexii_corridor_pit,
          uniq_grinder, uniq_robin

Skill      XL: |  1  2  3  4  5 |
---------------+----------------+-----
Long Blades    | 4 5 |  5.3
Throwing       | 3 4 |  4.0
Armour         | 1 |  1.3
Fighting       | |  2.8
Dodging        | |  3.7

Action                   |  1- 3 |  4- 6 || total
-------------------------+-------+-------++-------
Melee: Long sword        |    55 |    65 ||   120
       Headbutt          |    16 |    16 ||    32
  Eat: Chunk             |       |     4 ||     4
Armor: Leather armour    |    12 |    12 ||    24
Dodge: Dodged            |    43 |    32 ||    75
       Rpst.: Long sword |    17 |     5 ||    22
